 Dungeon Crawl Stone Soup version 0.21.1-1-g345015f (webtiles) character file.

30 doot the Caller (level 3, -1/28 HPs)
             Began as a Tengu Summoner on June 4, 2018.
             Slain by a worker ant (4 damage)
             ... on level 3 of the Dungeon.
             The game lasted 00:03:39 (1752 turns).

doot the Caller (Tengu Summoner)                    Turns: 1752, Time: 00:03:40

Health: -1/28      AC: 21    Str:  8    XL:     3   Next: 18%
Magic:  7/7        EV:  2    Int: 15    God:
Gold:   114        SH:  0    Dex: 15    Spells: 3/6 levels left

rFire    . . .     SeeInvis .   e - +0 mace
rCold    . . .     Gourm    .   (no shield)
rNeg     + + +     Faith    .   (armour currently unavailable)
rPois    +         Spirit   .   (helmet currently unavailable)
rElec    .         Reflect  .   (cloak currently unavailable)
rCorr    +         Harm     .   (gloves currently unavailable)
MR       .....     NoTele   +   (boots unavailable)
Stlth    ++........             (no amulet)
HPRegen  0.09/turn              l - ring of resist corrosion
MPRegen  0.10/turn              n - ring of flight

@: lethally poisoned (-1 -> -4), tree-form, hasted, very quick
A: no striking features
a: no special abilities


You were on level 3 of the Dungeon.
You were not hungry.
You were a tree.
You visited 1 branch of the dungeon, and saw 3 of its levels.

You collected 114 gold pieces.

Inventory:

Hand Weapons
 e - a +0 mace (weapon)
 i - a cursed -1 hunting sling
Armour
 a - a +0 robe (melded)
 d - a +2 pair of boots of stealth
Jewellery
 l - a ring of resist corrosion (left branch)
 n - a ring of flight (right branch)
Scrolls
 h - a scroll of enchant weapon {unknown}
 j - a scroll of amnesia {unknown}
 k - 3 scrolls of blinking {unknown}
 o - a scroll of fog {unknown}
 q - a scroll of magic mapping {unknown}
 r - a scroll of identify {unknown}
 s - 2 scrolls of remove curse {unknown}
Potions
 f - a potion of heal wounds {unknown}
 g - a potion of lignification
 p - a potion of degeneration {unknown}
Books
 b - a book of Callings

   Spells                             Type                      Level
   a - Summon Small Mammal            Summoning                    1
   b - Call Imp                       Summoning                    2
   c - Call Canine Familiar           Summoning                    3
   d - Summon Guardian Golem          Hexes/Summoning              3
   e - Summon Lightning Spire         Summoning/Air                4
   f - Summon Ice Beast               Ice/Summoning                4
 t - a book of Misfortune

   Spells                             Type                      Level
   a - Confusing Touch                Hexes                        1
   b - Confuse                        Hexes                        3
   c - Gell's Gravitas                Translocation                3
   d - Petrify                        Transmutation/Earth          4
   e - Metabolic Englaciation         Hexes/Ice                    5
   f - Yara's Violent Unravelling     Hexes/Transmutation          5
Comestibles
 c - 8 rations
 u - a chunk of flesh


   Skills:
 + Level 0.4 Maces & Flails
 + Level 2.3 Dodging
 + Level 2.1 Stealth
 + Level 2.2 Spellcasting
 + Level 5.6 Summonings


You had 3 spell levels left.
You knew the following spells:

 Your Spells              Type           Power        Failure   Level  Hunger
a - Summon Small Mammal   Summ           ###.         2%          1    #......
b - Call Imp              Summ           ###.....     3%          2    ###....


Dungeon Overview and Level Annotations

Branches:
Dungeon (3/15)

Altars:
Cheibriados


Innate Abilities, Weirdness & Mutations

((You have a beak for a mouth.))
((You have claws for feet.))


Message History

You are lethally poisoned!
The worker ant poisons you!
It was a potion of lignification.
You turn into a tree.
Your +0 robe melds into your body.
Your roots penetrate the ground.
You feel sick.
The worker ant bites you but does no damage.
It was a potion of haste.
You feel yourself speed up.
The worker ant bites you but does no damage.
You hit the worker ant but do no damage.
The worker ant is lightly wounded.
* * * LOW HITPOINT WARNING * * *
You feel sick. The worker ant bites you.
* * * LOW HITPOINT WARNING * * *
You hit the worker ant but do no damage.
The worker ant is lightly wounded.
The worker ant completely misses you.
You hit the worker ant.
The worker ant is lightly wounded.
The worker ant bites you.
You die...

?...... #.#
....... #.#
.....(.##.###
............
......#...######.
............)...(
...###.#.######
#######<#a######.#
..........♣......#
..........########
###########


You could see a worker ant.

Vanquished Creatures
  2 oozes
  A dart slug (D:1)
  A bat (D:1)
  2 goblins (D:2)
  4 hobgoblins
  A kobold (D:1)
  6 rats
17 creatures vanquished.

Vanquished Creatures (collateral kills)
  A leopard gecko (D:1)
  A bat (D:1)
  A hobgoblin (D:1)
  A kobold (D:2)
  A rat (D:1)
5 creatures vanquished.

Grand Total: 22 creatures vanquished

Notes
Turn   | Place    | Note
-------+----------+-------------------------------------------
     0 | D:1      | doot the Tengu Summoner began the quest for the Orb.
     0 | D:1      | Reached XP level 1. HP: 10/10 MP: 4/4
   307 | D:1      | Reached skill level 5 in Summonings
   480 | D:1      | Reached XP level 2. HP: 12/15 MP: 6/6
   514 | D:1      | Learned a level 2 spell: Call Imp
  1142 | D:2      | Found a snail-covered altar of Cheibriados.
  1285 | D:2      | Reached XP level 3. HP: 15/19 MP: 7/7
  1752 | D:3      | Slain by a worker ant

Skill      XL: |  1 |
---------------+----+-----
Summonings     | 5 |  5.6
Maces & Flails | |  0.4
Dodging        | |  2.3
Stealth        | |  2.1
Spellcasting   | |  2.2

Action                   || total
-------------------------++-------
Melee: Mace              ||    43
       Kick              ||    11
       Peck              ||     5
       Unarmed           ||     1
 Cast: Summon Small Mamm ||     3
       Call Imp          ||     3
  Use: Potion            ||     2
 Stab: Sleeping          ||     4
       Distracted        ||     2
  Eat: Chunk             ||     3
Armor: Robe              ||     8
       Skin              ||     2
Dodge: Dodged            ||    16
